[Event "*** Titled Tuesday Blitz"]
[Site "Chess.com"]
[Date "2020.04.14"]
[Round "6"]
[White "Poghosyan_Suren"]
[Black "Falia-p"]
[Result "1-0"]
[WhiteElo "2507"]
[BlackElo "2323"]
[TimeControl "180+1"]
[EndTime "11:04:41 PDT"]
[Termination "Poghosyan_Suren won by checkmate"]

1. Nf3 d5 2. c4 d4 3. e3 c5 4.
exd4 cxd4 5. b4 f6 6. d3 e5 7. c5 a5 8. bxa5 Bxc5 9. Be2 Qxa5+ 10. Bd2 Bb4 11. O-O Bxd2 12. Nbxd2 Ne7 13. Nc4 Qc7 14.
Qb3 Nbc6 15. Rfc1 Be6 16. Nfd2 O-O 17. Bf3 Nd5 18. Ne4 Nf4 19. h4 Na5 20. Nxa5 Qxa5 21. Qxb7 Nxd3 22. Rc7 Bf7 23. Nd6 Nc5 24. Qc6 Ra6 25.
Qxc5 Qxc5 26. Rxc5 Rxd6 27. Be4 d3 28. Rd1 d2 29.
Rc2 Rfd8 30. f3 g6 31. g4 Be6 32. Rb2 f5 33. gxf5 gxf5 34. Bb1 Kf7 35. Kf2 Kf6 36. Ke3 f4+ 37. Kf2 h6 38. Be4 Bc8 39. a4 Ba6 40. a5 Bc4 41. Rb4 Ba6 42. Rb2 Bc4 43. Rb6 Ba6 44.
Rxd2 Rxb6 45. Rxd8 Rb2+ 46. Kg1 Rb1+ 47. Kf2 Rb2+ 48.
Kg1 Ra2 49. Rd6+ Ke7 50. Rxa6 Ra1+ 51. Kf2 Ra2+ 52. Kg1 Ra1+ 53. Kg2 Ra2+ 54. Kh3 Ra4 55. Kg4 Kd7 56. Kf5 Kc7 57. Kxe5 Ra3 58. Kxf4 h5 59.
Ra7+ Kb8 60. Ra8+ Kc7 61. a6 Kb6 62. Rb8+ Kc7 63. Rb7+ Kc8 64. Rh7 Rxa6 65. Bb7+ Kd8 66. Bxa6 Ke8 67. Ke5 Kf8 68. Kf6 Kg8 69. Bd3 Kf8 70.
Rh8# 1-0

[Event "*** Titled Tuesday Blitz"]
[Site "Chess.com"]
[Date "2020.04.14"]
[Round "6"]
[White "Alkhoori90"]
[Black "The_Machine04"]
[Result "0-1"]
[WhiteElo "2069"]
[BlackElo "2376"]
[TimeControl "180+1"]
[EndTime "11:04:42 PDT"]
[Termination "The_Machine04 won by resignation"]

1. e4 d6 2. d4 Nf6 3. Nc3 e5 4.
dxe5 dxe5 5. Qxd8+ Kxd8 6. Be3 Be6 7. f3 Bd6 8. O-O-O Ke7 9. Nh3 Nbd7 10. Ng5 a6 11.
Nxe6 fxe6 12. Bc4 b5 13. Bb3 Rhb8 14. Ne2 a5 15. c3 Bc5 16. Bxc5+ Nxc5 17. Bc2 a4 18. b3 axb3 19. axb3 Ra7 20. Kb2 Rba8 21. Ra1 Nh5 22. Rxa7 Rxa7 23. Ra1 Rxa1 24. Kxa1 Nf4 25. Nxf4 exf4 26. Kb2 Kd6 27. e5+ Kxe5 28. Bxh7 Kd5 29. Kc2 e5 30. b4 Nd7 31. Be4+ Kd6 32. Kd3 c5 33. g3 g5 34. g4 Nf6 35. Bb7 c4+ 36. Kd2 Nd5 37. Ba6 Kc6 38. h3 Nf6 39.
Bc8 e4 40. fxe4 Nxe4+ 41. Kc2 f3 42. Bf5 Kd5 43. Kd1 Nxc3+ 44. Ke1 Na2 45. Kf2 Nxb4 46. Kxf3 c3 47. Ke2 Kd4 48. h4 gxh4 49. g5 Ke5 50.
Bb1 c2 51. Bxc2 Nxc2 52. g6 Kf6 53. Kd2 h3 54. Kxc2 h2 0-1

[Event "*** Titled Tuesday Blitz"]
[Site "Chess.com"]
[Date "2020.04.14"]
[Round "6"]
[White "Salem-AR"]
[Black "adiosabu"]
[Result "1-0"]
[WhiteElo "2909"]
[BlackElo "2557"]
[TimeControl "180+1"]
[EndTime "11:04:44 PDT"]
[Termination "Salem-AR won by resignation"]

1. d4 Nf6 2. c4 d6 3. Nf3 Nbd7 4. Nc3 e5 5. Bg5 Be7 6. e3 O-O 7. Qc2 exd4 8. exd4 Re8 9. O-O-O Nf8 10. h3 c6 11. Bd3 a6 12. Kb1 b5 13. Rhe1 bxc4 14. Bxc4 Be6 15. Bxe6 Nxe6 16. Bxf6 Bxf6 17. Ne4 Rc8 18. Qa4 d5 19. Nxf6+ Qxf6 20. Qxa6 Qg6+ 21. Qd3 Qxg2 22. Rg1 Qxf2 23. Rdf1 Nf4 24. Qf5 Qe3 25. Ne5 Ne6 26. Qxf7+ Kh8 27. Rg4 Rf8 28. Ng6+ hxg6 29.
Rh4+ Qh6 30. Rxh6+ gxh6 31. Qxe6 Rxf1+ 32. Kc2 Rcf8 33.
Qxg6 R8f6 34. Qe8+ Kg7 35. Kc3 Rc1+ 36. Kb3 Rf3+ 37.
Kb4 Rc4+ 38. Ka5 Rf2 39. Qe5+ Rf6 40. b3 Rc2 41. a4 Rf2 42. Kb6 Rf5 43. Qc7+ Rf7 44.
Qg3+ Rg5 45. Qe3 Rg6 46. Kc5 Rb7 47. b4 Rf6 48. Qg3+ Kf7 49. Qd3 Kg7 50. Qe3 Rff7 51. Qg3+ Kh7 52. Qd3+ Kg7 53. Qd2 Kh7 54. Kxc6 Rfc7+ 55.
Kxd5 Rd7+ 56. Kc4 Rdc7+ 57. Kb3 Rb6 58. Qd3+ Kg7 59. Qg3+ 1-0

[Event "*** Titled Tuesday Blitz"]
[Site "Chess.com"]
[Date "2020.04.14"]
[Round "6"]
[White "BilodeauA"]
[Black "Izoria123"]
[Result "1/2-1/2"]
[WhiteElo "2905"]
[BlackElo "2795"]
[TimeControl "180+1"]
[EndTime "11:04:44 PDT"]
[Termination "Game drawn by agreement"]

1. e4 Nc6 2. Nf3 d6 3. d4 Nf6 4. Nc3 g6 5. d5 Nb8 6. h3 Bg7 7. Bc4 O-O 8. O-O c6 9. a4 b6 10.
Re1 Bb7 11. Bg5 a6 12. dxc6 Bxc6 13. e5 dxe5 14. Nxe5 Qc7 15. Bf4 Qb7 16. Nxf7 Rxf7 17. Qd8+ Bf8 18. Bxf7+ Kxf7 19. Qd4 Nbd7 20. f3 e5 21.
Qc4+ Bd5 22. Nxd5 Qxd5 23. Qxd5+ Nxd5 24. Bxe5 Nb4 25. Rad1 Nxe5 26. Rxe5 Nxc2 27. Rd7+ Kg8 28. Re4 b5 29. h4 Nb4 30. h5 Nd5 31. Rxd5 bxa4 32. hxg6 hxg6 33. Rxa4 a5 34. Rdxa5 Rb8 35. Ra7 Bc5+ 36. Kh2 Bxa7 37. Rxa7 Rxb2 38. Kg3 Rb4 39. Kh3 Rc4 40. g3 Rb4 41. f4 Kf8 42.
Kg4 Rb5 43. Rc7 Ra5 44. Kf3 Ra3+ 45. Kg4 Ra5 46. Rh7 Rb5 47. Ra7 Rc5 48. Kh4 Rb5 49.
g4 Rc5 50. Kg3 Rc4 51. Kf3 Rb4 52. Rd7 Ra4 53. Ke3 Rb4 54. Rd4 Rb7 55. Ke4 Kf7 56. Rd5 Re7+ 57. Kd4 Re1 58. Rd7+ Kf8 59. Ra7 Re2 60.
Kd5 Re1 61. Kd6 Re4 62. f5 gxf5 63. gxf5 Re1 64. f6 Re2 65. f7 Re1 66. Ra8+ Kxf7 67. Ra7+ 1/2-1/2

[Event "*** Titled Tuesday Blitz"]
[Site "Chess.com"]
[Date "2020.04.14"]
[Round "6"]
[White "Abdimalik_Abdisalimov"]
[Black "731291"]
[Result "0-1"]
[WhiteElo "2789"]
[BlackElo "2623"]
[TimeControl "180+1"]
[EndTime "11:04:44 PDT"]
[Termination "731291 won on time"]

1. d4 Nf6 2. c4 e6 3. Nf3 b6 4. g3 Bb7 5. Bg2 Be7 6. O-O O-O 7. Re1 Na6 8. a3 c5 9. d5 exd5 10. Nh4 Ne4 11. cxd5 Bxh4 12. Bxe4 Bf6 13. Nc3 d6 14. Bg2 Nc7 15. a4 a6 16. e4 b5 17.
axb5 axb5 18. Rxa8 Qxa8 19. Bf4 Rd8 20. Qd2 b4 21. Nd1 Nb5 22. Ne3 Qa2 23. Nd1 Nd4 24.
Bxd6 Rxd6 25. e5 Bxe5 26. Rxe5 Rd8 27. Qe3 Qa8 28. Qe4 f6 29. Re7 Bxd5 30. Qg4 g6 31. Bxd5+ Qxd5 32. Ne3 Qd6 33. Ra7 Qe6 34. Qd1 Rd7 35.
Rxd7 Qxd7 36. Kf1 Qb5+ 37. Kg2 Qc6+ 38. Kh3 Qe6+ 39. Kg2 Qe4+ 40. Kh3 Kg7 41. Qa4 Qe6+ 42. Kg2 Qe4+ 43. Kh3 Qe6+ 44. Kg2 h5 45. Qa7+ Kh6 46. Qxc5 Qe4+ 47. Kh3 Ne6 0-1

[Event "*** Titled Tuesday Blitz"]
[Site "Chess.com"]
[Date "2020.04.14"]
[Round "6"]
[White "Onwgs"]
[Black "mbojan"]
[Result "0-1"]
[WhiteElo "2398"]
[BlackElo "2596"]
[TimeControl "180+1"]
[EndTime "11:04:46 PDT"]
[Termination "mbojan won by resignation"]

1. e4 c5 2. c3 Nf6 3. e5 Nd5 4. d4 cxd4 5. Nf3 Nc6 6. cxd4 d6 7. Bc4 Nb6 8. Bb5 Bd7 9. Qe2 e6 10. O-O Rc8 11. Nc3 Nb4 12. Bxd7+ Qxd7 13. Bd2 N4d5 14. Ne4 h6 15. Rac1 Rxc1 16. Rxc1 Be7 17. a4 O-O 18. a5 Na8 19. exd6 Bxd6 20. Ne5 Bxe5 21. dxe5 Nac7 22. Qg4 Kh7 23. Qh4 b6 24. Rc4 b5 25.
Rd4 Qe7 26. Bg5 Qe8 27. Bxh6 gxh6 28. Ng5+ Kg6 29. Rg4 f5 30. Rg3 f4 31. Rh3 Rh8 32. Ne4 Qe7 33. Qg4+ Kf7 34. Nd6+ Kf8 35. Qh5 Ne8 36. Ne4 Ng7 37. Qg6 Nf5 38. Ng5 Nc7 39.
Ne4 Qf7 40. Qg4 Rg8 41. Qxf4 Nd5 42. Qc1 Qg6 43. Qc8+ Kg7 44. Qd7+ Kh8 45. g3 Nf4 46. Nf6 Nxh3+ 47. Kg2 Ng5 48. h4 Nh7 49. h5 Nxf6 0-1

[Event "*** Titled Tuesday Blitz"]
[Site "Chess.com"]
[Date "2020.04.14"]
[Round "6"]
[White "Anurag328"]
[Black "djano"]
[Result "1-0"]
[WhiteElo "2756"]
[BlackElo "2486"]
[TimeControl "180+1"]
[EndTime "11:04:46 PDT"]
[Termination "Anurag328 won on time"]

1. Nf3 Nf6 2. g3 g6 3. Bg2 Bg7 4. O-O O-O 5. d4 d5 6. Ne5 Nbd7 7. Nxd7 Bxd7 8. c4 Bc6 9. cxd5 Bxd5 10. Nc3 Bxg2 11.
Kxg2 c5 12. d5 b5 13. Bg5 b4 14. Bxf6 Bxf6 15. Na4 c4 16. Rc1 Rc8 17. e4 e6 18.
Qf3 exd5 19. exd5 Kg7 20. Rfd1 Qa5 21. b3 c3 22. d6 Rfd8 23. Rc2 Rd7 24. Rd5 Qa6 25.
Nc5 Rxc5 26. Rxc5 Qxd6 27. Rc4 a5 28. Rf4 Bg5 29. Rc4 Bd2 30. Rc6 Qe7 31. Ra6 Qe5 32. h4 h5 33. Ra8 Re7 34. Ra6 Qd4 35. Rc6 Rd7 36. Rc4 Qf6 37. Qxf6+ Kxf6 38. Kf3 Rd5 39. Re4 Kg7 40. Ke2 f5 41. Rc4 Kf6 42. a3 Rb5 43. axb4 axb4 44. Kd3 Rd5+ 45. Rd4 Re5 46. Rxb4 Re1 47.
Rd4 Rf1 48. f4 Rf3+ 49. Kc4 Rxg3 50. b4 Rg1 51. b5 Rb1 52. Rd6+ Kf7 53. b6 Be3 54. Rxc3 Rxb6 55. Rd7+ Ke6 56. Rg7 Kf6 57. Rc7 Bxf4 58. Kd5 Bxc7 59. Rxc7 1-0

[Event "*** Titled Tuesday Blitz"]
[Site "Chess.com"]
[Date "2020.04.14"]
[Round "6"]
[White "Klavdia_Nik"]
[Black "ChessFunMaker"]
[Result "1/2-1/2"]
[WhiteElo "2160"]
[BlackElo "2380"]
[TimeControl "180+1"]
[EndTime "11:04:46 PDT"]
[Termination "Game drawn - insufficient material"]

1. Nf3 Nf6 2. c4 g6 3. b3 Bg7 4. Bb2 d6 5. d4 O-O 6. Nc3 Nbd7 7. e4 e5 8. Ke2 exd4 9. Nxd4 Nc5 10. f3 Qe7 11. Kf2 Nfxe4+ 12. fxe4 Nxe4+ 13. Nxe4 Qxe4 14. Qd3 Qxd3 15. Bxd3 c5 16. Nb5 Bxb2 17. Rae1 Be5 18.
Be4 a6 19. Nc7 Rb8 20. Nd5 b5 21. Ne7+ Kg7 22. Nxc8 Rfxc8 23. Bd5 Rd8 24. Kf3 f5 25. g3 Kf6 26. Re2 bxc4 27. bxc4 Rb4 28. Rhe1 Rdb8 29.
h4 Ra4 30. Kg2 Ra3 31. Bf3 Rb4 32. Rc1 Rba4 33. Rcc2 Rxa2 34. Rxa2 Rxc4 35. Rxa6 Rc1 36. Rd2 Rc3 37. Rc6 Rc1 38. Rc8 Rc3 39. Rg8 Kf7 40. Rd8 Kf6 41. R8xd6+ Bxd6 42. Rxd6+ Ke5 43. Rd5+ Ke6 44.
Rd8 Rc2+ 45. Kh3 Rc3 46. Bd5+ Ke7 47. Rh8 f4 48. Kg4 fxg3 49. Rxh7+ Kd6 50. Bf3 c4 51. Kxg3 Rd3 52. Rh6 c3 53. Rxg6+ Ke5 54.
Rg8 c2 55. Rc8 Rd2 56. Kg4 Kd4 57. h5 Ke3 58. h6 Rh2 59. Rc6 Kd2 60. Be4 c1=Q 61.
Rxc1 Kxc1 62. h7 Kd2 63. Kg5 Ke3 64. Bg6 Kd4 65. Kf6 Kc5 66. Kg7 Rxh7+ 67. Bxh7 1/2-1/2

[Event "*** Titled Tuesday Blitz"]
[Site "Chess.com"]
[Date "2020.04.14"]
[Round "6"]
[White "JelenaKarleusa-SO-18"]
[Black "igorkovalenko"]
[Result "0-1"]
[WhiteElo "2701"]
[BlackElo "2906"]
[TimeControl "180+1"]
[EndTime "11:04:49 PDT"]
[Termination "igorkovalenko won by resignation"]

1. e4 c5 2. Nc3 Nc6 3. Bb5 Nd4 4.
Nf3 Nxb5 5. Nxb5 a6 6. Nc3 b5 7. d4 b4 8. Na4 cxd4 9. Qxd4 e6 10. Bf4 Qa5 11. b3 Nf6 12. O-O Bb7 13. Qb6 Qb5 14.
e5 Nd5 15. Qd4 Rc8 16. Rac1 h6 17. Nd2 Qc6 18. f3 Nc3 19. Nxc3 Bc5 20. Ne2 O-O 21. Be3 Bxd4 22. Nxd4 Qd5 23. Rfe1 Qxe5 24. Nc4 Rxc4 25. bxc4 Qc7 26. c5 Bd5 27. c3 a5 28. cxb4 axb4 29. Re2 Ra8 30. Rb2 Rxa2 31. Rxb4 Qe5 32. Bf2 Qg5 33. Rf1 e5 34. Nb3 Bxf3 35. g3 Qh5 36.
Rh4 Qg6 37. Nc1 Bc6 38. Nxa2 Qd3 39. Nc3 Qf3 40. Ne4 Bxe4 41. Rxe4 Qxe4 42. Re1 Qc6 43. Rxe5 Kh7 44. Re8 f6 45. Re1 d5 46. Rd1 Kg6 47.
Rd2 h5 48. Bd4 Kf5 49. Kf2 Ke4 50. Be3 Qd7 51. Rd4+ Ke5 52. h4 Qf5+ 53. Rf4 Qc2+ 54.
Kf3 Qd3 55. Rd4 Qf1+ 56. Bf2 g5 57. hxg5 fxg5 58. Rd2 Qh1+ 59. Ke2 h4 60. gxh4 gxh4 61. c6 Qe4+ 62. Kf1 Qc4+ 63. Re2+ Kf4 64. c7 Kf3 65.
Kg1 Qxe2 66. c8=Q Qxf2+ 0-1

[Event "*** Titled Tuesday Blitz"]
[Site "Chess.com"]
[Date "2020.04.14"]
[Round "6"]
[White "RaphCamora"]
[Black "nfds"]
[Result "1/2-1/2"]
[WhiteElo "2430"]
[BlackElo "2578"]
[TimeControl "180+1"]
[EndTime "11:04:50 PDT"]
[Termination "Game drawn - insufficient material"]

1. e4 e5 2. Nf3 Nc6 3. Bc4 Bc5 4. d3 Nf6 5. O-O O-O 6. Bg5 h6 7. Bh4 Be7 8. Bg3 d6 9. a4 Bg4 10. h3 Be6 11. Nc3 Qd7 12. a5 Nd4 13. Bxe6 fxe6 14.
Nd2 Qe8 15. Ne2 Nh5 16. Bh2 Qg6 17. Nxd4 exd4 18. f4 Kh8 19. Qg4 Qxg4 20. hxg4 Nf6 21. Nf3 c5 22. g5 Ng4 23. gxh6 gxh6 24. Bg3 Ne3 25. Rf2 Rg8 26. Bh4 Bxh4 27. Nxh4 Rg4 28. Nf3 Rxf4 29. c3 Raf8 30. cxd4 cxd4 31. Rc1 R4f7 32.
b4 e5 33. b5 h5 34. b6 axb6 35. axb6 h4 36. Rc7 Rxc7 37. bxc7 Rc8 38. Nxh4 Rxc7 39. Ng6+ Kg7 40. Nf8 Rf7 41. Ne6+ Kg6 42. Rxf7 Kxf7 43. Nd8+ Kf6 44. Nxb7 Kg5 45. Nxd6 Kf4 46. Kf2 Ng4+ 47. Ke2 Nh2 48. Nf7 Ng4 49. Nd6 Kg3 50. Nf5+ Kxg2 51.
Nh4+ Kg3 52. Nf3 Kf4 53. Nh4 Kg3 54. Ng6 Ne3 55. Nxe5 Kf4 56. Nc6 Nc2 57. Kd2 Ne3 58.
Nxd4 Ng2 59. Nc2 Ke5 60. Kc3 Nf4 61. Nb4 Ne6 62. Nd5 Nc5 63. Ne3 Nxe4+ 64. dxe4 Kxe4 1/2-1/2

[Event "*** Titled Tuesday Blitz"]
[Site "Chess.com"]
[Date "2020.04.14"]
[Round "6"]
[White "josiwales"]
[Black "Kumi29"]
[Result "1-0"]
[WhiteElo "2578"]
[BlackElo "2414"]
[TimeControl "180+1"]
[EndTime "11:04:50 PDT"]
[Termination "josiwales won on time"]

1. e4 e5 2. Nf3 Nc6 3. Bc4 Nf6 4. d3 d5 5. exd5 Nxd5 6. O-O Bc5 7.
h3 O-O 8. Re1 Re8 9. Bg5 f6 10.
Bh4 Be6 11. Nxe5 Nxe5 12. Rxe5 g5 13. Rxe6 Rxe6 14. Nc3 c6 15. Qg4 Qd7 16. Bg3 b5 17. Bb3 Rae8 18. Kh2 Bd6 19. Qf5 Bxg3+ 20. fxg3 Kg7 21.
Nxd5 cxd5 22. Bxd5 Rd6 23. Qxd7+ Rxd7 24. Bc6 Rde7 25.
Bxe8 Rxe8 26. g4 Re2 27. Rc1 f5 28. gxf5 Kf6 29. Kg3 Kxf5 30. Rf1+ Ke5 31. Rf2 Re1 32.
Kg4 h6 33. Kh5 Kd4 34. Kxh6 Ke3 35. Rf5 Kd2 36. Rc5 Rg1 37. Rxg5 Kxc2 38. g4 b4 39. h4 Kxb2 40. Kh5 Kxa2 41. Ra5+ Kb2 42. Rxa7 b3 43. Rb7 Kc2 44. g5 b2 45. g6 b1=Q 46. Rxb1 Kxb1 47.
d4 Kc2 48. d5 Kd3 49. d6 Ke4 50. d7 Rd1 51. g7 Rd5+ 52. Kh6 Rd6+ 53. Kg5 Rd5+ 54. Kf6 Rd6+ 55. Ke7 Rg6 56. d8=Q Rxg7+ 57. Kf6 Rg4 58. Qe7+ Kf3 59. Qa3+ Kg2 60. h5 Rf4+ 61. Kg6 Rg4+ 62. Kh6 Kh2 63. Qb2+ Kh1 64. Qf6 Rg3 65. Qg6 1-0

[Event "*** Titled Tuesday Blitz"]
[Site "Chess.com"]
[Date "2020.04.14"]
[Round "6"]
[White "CHESSMASTER759"]
[Black "MrTattaglia"]
[Result "1-0"]
[WhiteElo "2765"]
[BlackElo "2856"]
[TimeControl "180+1"]
[EndTime "11:04:51 PDT"]
[Termination "CHESSMASTER759 won on time"]

1. e4 e5 2. Nf3 Nc6 3. Bb5 Nf6 4.
d3 Bc5 5. O-O Nd4 6. Ba4 Nxf3+ 7. Qxf3 O-O 8. Bg5 h6 9. Bxf6 Qxf6 10. Qxf6 gxf6 11. Nc3 c6 12. Bb3 a5 13. a4 d6 14. Kh1 Kg7 15. f4 Be3 16. f5 Bd4 17.
Rf3 Bd7 18. Nd1 Be8 19. c3 Bb6 20. h3 Kh7 21. Kh2 Rg8 22. Ne3 Bc7 23. Ng4 Bd8 24. d4 Be7 25. dxe5 fxe5 26. f6 Bf8 27. Ne3 Rg6 28. g4 Rd8 29. Rd1 Kg8 30. Ng2 Bd7 31. Nh4 Rg5 32. Rff1 Be6 33. Bxe6 fxe6 34. Nf3 Rg6 35.
Nxe5 Rg5 36. Nf3 Rc5 37. h4 Rc4 38. Nd4 Kf7 39. g5 e5 40. Nf5 Rxe4 41. Kg3 d5 42.
Rd3 Kg6 43. gxh6 Kxf6 44. h7 Bc5 45. Nd6+ Rf4 46. Nxb7 Rh8 47. Rxf4+ exf4+ 48. Kxf4 Bb6 49. b4 Rxh7 50. bxa5 Bc7+ 51. Kg4 Rg7+ 52. Kh3 Bb8 53. Nc5 Ba7 54. Nb3 Ke5 55. Nd2 Kd6 56. c4 Kc5 57.
cxd5 cxd5 58. Nf3 Re7 59. h5 Kc4 60. Rd1 d4 61. Kg4 d3 62. h6 Kc3 63. Kg5 Kc2 64.
Rd2+ Kc3 65. Kf6 Rh7 66. Kg6 Rh8 67. Kg7 1-0

[Event "*** Titled Tuesday Blitz"]
[Site "Chess.com"]
[Date "2020.04.14"]
[Round "6"]
[White "DanielRensch"]
[Black "Ellaijio_B"]
[Result "1-0"]
[WhiteElo "2545"]
[BlackElo "2701"]
[TimeControl "180+1"]
[EndTime "11:04:51 PDT"]
[Termination "DanielRensch won on time"]

1. e4 c5 2. Nf3 e6 3. d4 cxd4 4. Nxd4 a6 5. Bd3 Bc5 6. Nb3 Be7 7. Qg4 g6 8. Qe2 d6 9. O-O Nd7 10. Na3 Ne5 11. Nc4 Nxc4 12. Bxc4 Qc7 13. a4 Nf6 14. Bh6 Ng4 15. Bf4 Ne5 16. Bd3 O-O 17. Bh6 Re8 18.
Kh1 Nxd3 19. cxd3 e5 20. f4 Be6 21. Nd2 exf4 22. Rxf4 Qc2 23. Raf1 Qxb2 24. R4f2 Rac8 25. Qe3 Rc1 26. d4 Rxf1+ 27. Nxf1 Qb3 28. Qf4 d5 29. Ne3 Qb1+ 30. Rf1 Qxe4 31. Qc7 Qxd4 32. Qxb7 Qd3 33. Rd1 Qe2 34. Qb1 Qh5 35. Bf4 Rd8 36. Bc7 Rc8 37.
Bf4 Bg5 38. Bxg5 Qxg5 39. Re1 d4 40. Nf1 Qd5 41. Qb4 Qc4 42. Qd6 Qxa4 43. Qf4 Qc4 44. Nd2 Qd5 45. Ne4 Qf5 46. Qh4 Kh8 47. Nd6 Qc5 48. Qf6+ Kg8 49. Nxc8 Qxc8 50. Qxd4 h5 51. Qf6 Kh7 52. Rd1 Qc4 53. h3 Qc7 54. Rd8 Qc1+ 55.
Kh2 Qc7+ 56. Kg1 Qc1+ 57. Kf2 Qc5+ 58. Qd4 Qf5+ 59. Ke3 Qg5+ 60. Kf2 Qf5+ 61. Kg1 Qb1+ 62. Kh2 1-0

[Event "*** Titled Tuesday Blitz"]
[Site "Chess.com"]
[Date "2020.04.14"]
[Round "6"]
[White "maxip32"]
[Black "sergeikim"]
[Result "1-0"]
[WhiteElo "2428"]
[BlackElo "2364"]
[TimeControl "180+1"]
[EndTime "11:04:51 PDT"]
[Termination "maxip32 won on time"]

1. e4 e5 2. Nf3 Nc6 3. Bc4 Bc5 4. O-O Nf6 5. d3 d6 6. c3 a6 7. a4 Ba7 8. Na3 O-O 9. Nc2 Nh5 10. Nxe5 Nxe5 11. Qxh5 b5 12. Bd5 c6 13. d4 cxd5 14.
dxe5 dxe4 15. Be3 Bxe3 16. Nxe3 dxe5 17. Qxe5 Re8 18. Qc5 bxa4 19. Rfd1 Qh4 20. Rxa4 Be6 21. Rad4 Bb3 22. R1d2 Qf6 23. Qf5 Qxf5 24. Nxf5 a5 25. Re2 a4 26. h3 Re6 27. Rdxe4 Rxe4 28. Rxe4 Bc2 29. Ne7+ Kf8 30. Re3 Rb8 31. Nc6 Rxb2 32. Re5 g6 33. Ra5 Rb6 34. Ne5 Rb7 35. c4 f6 36. Nf3 Rc7 37. c5 Bb3 38. Nd4 Ke7 39.
c6 f5 40. Kf1 Kf6 41. f4 h6 42. Kf2 g5 43. g3 gxf4 44. gxf4 Ke7 45. Ke3 Bd1 46.
Nxf5+ Ke6 47. Nd4+ Ke7 48. Re5+ Kd6 49. Nb5+ Kxc6 50.
Nxc7 Kxc7 51. Rd5 Bb3 52. Rd3 Kc6 53. Kd4 Be6 54. Ke5 Bc4 55. Rc3 Kc5 56. f5 Kb4 57.
Kd4 Bf7 58. f6 a3 59. Rc7 a2 60. Ra7 1-0

[Event "*** Titled Tuesday Blitz"]
[Site "Chess.com"]
[Date "2020.04.14"]
[Round "6"]
[White "Kobalia"]
[Black "BahadirOzen"]
[Result "1/2-1/2"]
[WhiteElo "2669"]
[BlackElo "2831"]
[TimeControl "180+1"]
[EndTime "11:04:52 PDT"]
[Termination "Game drawn by repetition"]

1. e4 e5 2. Nf3 Nc6 3. Bb5 Nf6 4. d3 Bc5 5. O-O Nd4 6. Nxd4 Bxd4 7. Nd2 c6 8. Ba4 Bb6 9. Nf3 d6 10. c3 O-O 11. Bg5 h6 12. Bh4 g5 13. Bg3 Bg4 14.
Re1 Re8 15. d4 exd4 16. Qd3 dxc3 17. bxc3 Nh5 18. Qxd6 Bxf3 19. gxf3 Nxg3 20. Qxg3 Qf6 21. Rad1 Rad8 22. Bb3 Kg7 23. Kg2 Bc5 24. e5 Qf4 25. Re4 Qf5 26. Rxd8 Rxd8 27. e6 f6 28. Qg4 Qxg4+ 29.
fxg4 Be7 30. Kf3 Kf8 31. Ke2 Bd6 32. h4 Ke7 33. h5 Be5 34. Re3 Bf4 35. Rd3 Bd6 36.
Kf3 f5 37. gxf5 Kf6 38. Ke4 Be7 39. Rd7 Rxd7 40. exd7 Bd8 41. Be6 Ke7 42. Ke5 Bc7+ 43. Ke4 Kf6 44. f3 Ke7 45. Kd3 a5 46. a4 Kd6 47. Ke4 Ke7 48. c4 Kf6 49. c5 Ke7 50. Kd3 Kf6 51. Kc4 Ke7 52. d8=Q+ Bxd8 53. Bc8 b6 54.
Bb7 Kd7 55. cxb6 Bxb6 56. Ba8 Ba7 57. Bb7 Bb6 58. Ba8 Ba7 59. Bb7 Bb6 1/2-1/2

[Event "*** Titled Tuesday Blitz"]
[Site "Chess.com"]
[Date "2020.04.14"]
[Round "6"]
[White "bancsoo"]
[Black "IwkooO"]
[Result "0-1"]
[WhiteElo "2736"]
[BlackElo "2548"]
[TimeControl "180+1"]
[EndTime "11:04:52 PDT"]
[Termination "IwkooO won on time"]

1. Nf3 c5 2. c4 Nc6 3. d4 cxd4 4. Nxd4 g6 5. e4 Bg7 6. Be3 Nf6 7. Nc3 O-O 8. Be2 d6 9. O-O Bd7 10. f3 Nxd4 11.
Bxd4 a5 12. Qd2 Bc6 13. b3 Nd7 14. Bf2 Nc5 15. Rab1 e6 16. Bd1 Be5 17. Bc2 Qf6 18. Ne2 g5 19. Be3 h6 20. Ng3 Qg6 21. Rbe1 Bf4 22.
Bxf4 gxf4 23. Qxf4 e5 24. Qf5 Ne6 25. Qxg6+ fxg6 26.
Ne2 Kf7 27. f4 Ke7 28. f5 gxf5 29. exf5 Rg8 30. Rf2 Ng5 31. Ng3 h5 32. Kf1 h4 33.
Ne4 h3 34. g3 Raf8 35. Nxg5 Rxg5 36. Ke2 Kf6 37. Ke3 Rg4 38. Rd1 Rd8 39. Rfd2 Ke7 40.
f6+ Kxf6 41. Rxd6+ Rxd6 42. Rxd6+ Kg7 43. Bf5 Rg5 44. g4 Kf8 45. Re6 Rg7 46. Rxe5 Rc7 47. Kf4 a4 48. g5 axb3 49. axb3 Bg2 50. g6 Kg7 51. Kg5 b6 52. Re6 Rc5 53. Rxb6 Be4 54. Rf6 Bc2 55. Rf7+ Kg8 0-1

[Event "*** Titled Tuesday Blitz"]
[Site "Chess.com"]
[Date "2020.04.14"]
[Round "6"]
[White "Budisavljevic"]
[Black "Bagirova"]
[Result "1-0"]
[WhiteElo "2420"]
[BlackElo "2211"]
[TimeControl "180+1"]
[EndTime "11:04:53 PDT"]
[Termination "Budisavljevic won on time"]

1. d4 Nf6 2. Nf3 g6 3. Bf4 Bg7 4. e3 O-O 5. Be2 d6 6. h3 Nbd7 7. c4 c5 8. Nc3 a6 9. O-O Re8 10. d5 Rb8 11. a4 Nf8 12. e4 h6 13.
Qd2 g5 14. Bh2 Ng6 15. e5 Nh7 16. Bd3 Nxe5 17. Nxe5 dxe5 18. Qe3 Qc7 19. Rfe1 f6 20. Ne4 b6 21. a5 f5 22. axb6 Qxb6 23. Nxc5 f4 24.
Bxh7+ Kxh7 25. Qd3+ Kh8 26. Na4 Qb3 27. Qg6 Bxh3 28. Ra3 Qb4 29. Rea1 Bg4 30. f3 Bd7 31. Kh1 Bxa4 32. Rxa4 Qxb2 33. Rxa6 Qc3 34. Bg1 Rf8 35. Ra7 Rf6 36. Qe4 Rb2 37. Ra8+ Bf8 38. Rd1 Qc2 39. Qxc2 Rxc2 40. Rb1 Rxc4 41. Rbb8 Kg7 42. Bb6 Rc1+ 43. Bg1 Rc2 44. Rd8 Rc1 45. Ra7 Rd1 46. Kh2 Rc1 47. Bc5 e4 48. Bxe7 Bxe7 49. Rxe7+ Rf7 50. Rxf7+ Kxf7 51. fxe4 Re1 52. Rd6 Rxe4 53. Rxh6 Rd4 54. d6 1-0

[Event "*** Titled Tuesday Blitz"]
[Site "Chess.com"]
[Date "2020.04.14"]
[Round "6"]
[White "AquivaRubinstein"]
[Black "AlanZhang"]
[Result "0-1"]
[WhiteElo "2377"]
[BlackElo "2189"]
[TimeControl "180+1"]
[EndTime "11:04:53 PDT"]
[Termination "AlanZhang won by checkmate"]

1. d4 Nf6 2. c4 e6 3. Nf3 d5 4. Nc3 Be7 5. Bf4 O-O 6. e3 c5 7. dxc5 Bxc5 8. Qc2 Nc6 9. Rd1 d4 10. exd4 Nxd4 11. Nxd4 Bxd4 12. Be5 Bxc3+ 13. Bxc3 Qe7 14.
Bd3 h6 15. O-O Bd7 16. Bxf6 gxf6 17. Rfe1 Rfd8 18. Qd2 Qf8 19. Re3 f5 20. Rh3 Kh7 21. Re1 Bc6 22. Qc3 Qg7 23. Qxg7+ Kxg7 24. Ree3 f4 25. Re5 Rd6 26. Be2 Rad8 27. f3 f6 28. Reh5 Be8 29. R5h4 e5 30. Rg4+ Bg6 31. g3 Rd2 32. Kf1 Kh7 33. gxf4 Bf5 34. fxe5 Bxg4 35. fxg4 fxe5 36. Re3 Rxb2 37. Rxe5 Rdd2 38. c5 Rxa2 39. h4 Kg6 40. h5+ Kf6 41. Re4 Rxe2 42. Rxe2 Rxe2 43.
Kxe2 Kg5 44. Kf3 a5 45. Ke3 a4 46. Kd4 a3 47. Kc3 Kxg4 48. Kb3 Kxh5 49. Kxa3 Kg5 50. Kb4 h5 51. Kb5 h4 52. Kb6 h3 53. Kxb7 h2 54.
c6 h1=Q 55. Kc7 Qh2+ 56. Kb7 Qb2+ 57. Ka7 Qc3 58. Kb7 Qb4+ 59. Ka7 Qc5+ 60. Kb7 Qb5+ 61.
Kc7 Kf6 62. Kd7 Kf7 63. Kc7 Ke7 64. Kc8 Qxc6+ 65. Kb8 Kd7 66. Ka7 Qb5 67. Ka8 Kc7 68.
Ka7 Qb7# 0-1

[Event "*** Titled Tuesday Blitz"]
[Site "Chess.com"]
[Date "2020.04.14"]
[Round "6"]
[White "BelaKis"]
[Black "ulkaf961"]
[Result "1/2-1/2"]
[WhiteElo "2090"]
[BlackElo "2254"]
[TimeControl "180+1"]
[EndTime "11:04:53 PDT"]
[Termination "Game drawn by repetition"]

1. Nf3 e6 2. g3 d5 3. Bg2 Nf6 4. O-O Be7 5. d3 O-O 6. a3 c5 7. Nbd2 Nc6 8. c4 e5 9. Qa4 e4 10. dxe4 dxe4 11. Ng5 e3 12. fxe3 h6 13. Nge4 Ng4 14.
Nf3 Bf5 15. Nc3 Bf6 16. Nd5 Be4 17. Nxf6+ Nxf6 18. b4 Qe7 19. b5 Ne5 20. Qb3 a6 21. Nxe5 Bxg2 22. Kxg2 Qxe5 23. Bb2 Qe4+ 24. Kg1 Ng4 25.
Rf3 axb5 26. Qxb5 Nxe3 27. Qb3 Nxc4 28. Rf4 Qe3+ 29. Qxe3 Nxe3 30. Kf2 Nd5 31. Rf5 Rfd8 32. Rd1 Nb6 33. Rxd8+ Rxd8 34. Rxc5 Na4 35. Rb5 Nxb2 36. Rxb2 Rd7 37. Rb6 Kf8 38. a4 Ke8 39. a5 Kd8 40. a6 bxa6 41. Rxa6 Ke7 42. h4 h5 43. Kf3 g6 44. e4 Rd3+ 45. Kf4 Rd1 46. Ra7+ Kf8 47. e5 Rf1+ 48. Ke4 Re1+ 49. Kf4 Kg7 50. Rb7 Rf1+ 51. Ke4 Kg8 52. Ra7 Kf8 53. Rb7 Rg1 54.
Kf4 Ra1 55. Rc7 Ra4+ 56. Kf3 Ra3+ 57. Kf4 Ke8 58. Rb7 Rd3 59. Ra7 Rd7 60. Ra6 Ke7 61. Ke4 Rb7 62. Kf4 Rb4+ 63. Kf3 Rb5 64. Ke4 Rb4+ 65.
Kf3 Rb3+ 66. Kf4 Rb4+ 67. Kf3 1/2-1/2